 Dungeon Crawl Stone Soup version 0.31.0-32-g396128a36d (webtiles) character file.

Game seed: 2216530601649024157

882 gohu the Magician (level 8, -1/50 HPs)
             Began as a Djinni Fire Elementalist on Mar 8, 2024.
             Was an Initiate of Makhleb.
             Slain by Maggie
             ... wielding a +1 broad axe of draining
              (5 damage)
             ... on level 6 of the Dungeon.
             The game lasted 00:09:47 (4286 turns).

gohu the Magician (Djinni Fire Elementalist)        Turns: 4286, Time: 00:09:47

Health: -1/50      AC:  4    Str:  7    XL:     8   Next: 25%
Gold:   295        EV: 13    Int: 26    God:    Makhleb [......] SH:  0 Dex: 13

rFire   + + +        k - staff of fire
rCold   x . .        (no shield)
rNeg    . . .        a - +0 robe
rPois   ∞            e - +0 helmet
rElec   .            (no cloak)
rCorr   +            b - +0 pair of gloves
SInv    .            (boots unavailable)
Will    .....        (no amulet)
Stlth   ++           g - +6 ring of intelligence
HPRegen 0.28/turn    i - ring of resist corrosion
MPRegen 0.00/turn

%: infuse magic (-2 HP)
@: flying, mesmerised
A: sickness immunity, fire resistance 2, cold vulnerability 1, float, innate
caster, HP casting, extra vitality 1
a: Renounce Religion


You were on level 6 of the Dungeon.
You worshipped Makhleb.
Makhleb was noncommittal.
You visited 2 branches of the dungeon, and saw 7 of its levels.

You collected 295 gold pieces.

Inventory:

Armour
 a - a +0 robe (worn)
 b - a +0 pair of gloves (worn)
 d - a +0 tower shield
 e - a +0 helmet (worn)
Magical Staves
 k - a staff of fire (weapon)
Jewellery
 g - a +6 ring of intelligence (left hand)
 i - a ring of resist corrosion (right hand)
Wands
 n - a wand of flame (18)
Scrolls
 c - 3 scrolls of identify {unknown}
 f - 2 scrolls of amnesia {unknown}
 h - a scroll of fog {unknown}
 o - a scroll of silence {unknown}
 p - a scroll of fear {unknown}
 q - a scroll of summoning {unknown}
 r - a scroll of vulnerability {unknown}
 s - a scroll of noise {unknown}
Potions
 j - a potion of brilliance {unknown}
 l - a potion of heal wounds {unknown}
 m - 2 potions of curing {unknown}


   Skills:
 + Level 0.0 Fighting
 + Level 0.0 Armour
 - Level 3.7 Dodging
 - Level 2.9 Stealth
 * Level 6.9 Spellcasting
 * Level 6.9 Conjurations
 * Level 6.9 Hexes
   Level 0.0 Charms
 * Level 6.9 Summonings
 * Level 6.9 Necromancy
 * Level 6.9 Translocations
   Level 0.0 Transmutations
 * Level 6.9 Fire Magic
 * Level 6.9 Ice Magic
 * Level 6.9 Air Magic
 * Level 6.9 Earth Magic
 * Level 6.9 Alchemy
 + Level 0.0 Invocations


You knew the following spells:

 Your Spells              Type           Power      Damage    Failure   Level
a - Foxfire               Conj/Fire      100%       2x1d9     1%          1
b - Scorch                Fire           100%       2d9       1%          2
c - Flame Wave            Conj/Fire      61%        2d14      3%          4
d - Summon Ice Beast      Ice/Summ       45%        N/A       1%          3
e - Volatile Blastmotes   Fire/Tloc      100%       2d18      1%          3
f - Summon Small Mammal   Summ           100%       N/A       1%          1
g - Mercury Vapours       Alch/Air       90%        N/A       1%          2
h - Inner Flame           Hex/Fire       61%        N/A       1%          3
Your spell library was empty.

Dungeon Overview and Level Annotations

Branches:
Dungeon (6/15)             Temple (1/1) D:5

Altars:
Ashenzari
Cheibriados
Dithmenos
Elyvilon
Fedhas
Gozag
Hepliaklqana
Makhleb
Nemelex Xobeh
Okawaru
Qazlal
Ru
Trog
Uskayaw
Wu Jian
Xom
Yredelemnul
Zin
The Shining One

Annotations:
D:6 Maggie


Innate Abilities, Weirdness & Mutations

You are immune to sickness and miasma.
You are immune to poison.
Your flesh is very heat resistant. (rF++)
You are vulnerable to cold. (rC-)
You float through the air rather than walking.
You learn spells naturally, not from books.
Your magical power is your life essence.
You have superior vitality. (+4 MHP)


Message History

You cannot move away from Maggie!
You cannot move away from Maggie!
You cannot move away from Maggie!
The cloud of blastmotes explodes!
The concussive blast engulfs you. You resist.
An orc comes into view. It is wielding a +0 short sword.
You cannot move away from Maggie!
Casting: Volatile Blastmotes (safe; 1% risk of failure)
Confirm with . or Enter, or press ? or * to list all spells.
You feel a surge of power!
Flames lash Maggie but do no damage.
Maggie points at you and mumbles some strange words.
The bolt of fire hits you. You resist.
Maggie zaps a wand.
The mass of ice explodes!
The iceblast engulfs you!!
You feel a painful chill!
* * * LOW HITPOINT WARNING * * *
An orc comes into view. It is wielding a +0 dagger.
Casting: Scorch (safe; 1% risk of failure)
Confirm with . or Enter, or press ? or * to list all spells.
You feel a surge of power!
Flames lash Maggie.
Maggie is lightly wounded.
Maggie's fire resistance burns away.
* * * LOW HITPOINT WARNING * * *
Casting: Scorch (safe; 1% risk of failure)
Confirm with . or Enter, or press ? or * to list all spells.
Casting: Flame Wave (dangerous; 3% risk of failure)
Press: ? - help, Dir - look around, f - activate You feel a surge of power!
A wave of flame ripples out!
The flame wave engulfs Maggie!
Maggie is burned terribly!
Maggie is moderately wounded. (Press . to intensify the flame waves.)
* * * LOW HITPOINT WARNING * * *
Maggie closely misses you.
A wave of flame ripples out!
The flame wave engulfs Maggie!
Maggie is burned terribly!
Maggie is heavily wounded.
The flame wave engulfs the orc!
You kill the orc!
Makhleb accepts your kill.
* * * LOW HITPOINT WARNING * * *
Maggie hits you with a +1 broad axe of draining.
You die...

..[.....#
........# #.#
#.# #.# #.#
#.#
#.############
#.o)@@<......[
#############.


You could see Maggie (mesmerising, combustible) and an orc.

Vanquished Creatures
  A black bear (D:5)
  A centaur (D:5)
  An ogre (D:4)
  A kobold brigand (D:5)
  A howler monkey (D:5)
  2 hounds (D:5)
  2 bombardier beetles
  2 orc priests
  2 iguanas
  Terence (D:2)
  An orc wizard (D:5)
  Ijyb (D:4)
  A gnoll (D:1)
  6 adders
  2 dart slugs
  2 ribbon worms
  16 orcs
  7 ball pythons
  5 endoplasms
  2 giant cockroaches
  7 goblins
  4 hobgoblins
  6 jackals (D:3)
  3 quokkas
  A bat (D:1)
  4 frilled lizards
  12 kobolds
  8 rats
102 creatures vanquished.

Vanquished Creatures (collateral kills)
  A scorpion (D:5)
1 creature vanquished.

Vanquished Creatures (others)
  228 foxfires
228 creatures vanquished.

Grand Total: 331 creatures vanquished

Notes
Turn   | Place    | Note
-------+----------+-------------------------------------------
     0 | D:1      | gohu the Djinni Fire Elementalist began the quest for the
                  | Orb.
     0 | D:1      | gohu set off with the following spells memorised: Foxfire,
                  | Scorch, Volatile Blastmotes, Inner Flame, Flame Wave.
     0 | D:1      | Reached XP level 1. HP: 15/15 MP: 0/0
   174 | D:1      | Reached XP level 2. HP: 21/21 MP: 0/0
   260 | D:1      | Reached XP level 3. HP: 10/25 MP: 0/0
   260 | D:1      | Learned a level 1 spell: Summon Small Mammal
   832 | D:2      | Reached XP level 4. HP: 30/31 MP: 0/0
   988 | D:2      | Reached XP level 5. HP: 25/35 MP: 0/0
   988 | D:2      | Learned a level 2 spell: Mercury Vapours
   991 | D:2      | Noticed Terence
  1003 | D:2      | Killed Terence
  1490 | D:3      | Found an iron altar of Okawaru.
  1494 | D:3      | Found a glowing golden altar of the Shining One.
  1501 | D:3      | Found a hazy altar of Hepliaklqana.
  1502 | D:3      | Found a blossoming altar of Fedhas.
  1503 | D:3      | Found a bloodstained altar of Trog.
  1506 | D:3      | Found a sparkling altar of Nemelex Xobeh.
  1711 | D:3      | Found a stormy altar of Qazlal.
  1824 | D:3      | Found a snail-covered altar of Cheibriados.
  1937 | D:3      | Reached XP level 6. HP: 34/40 MP: 0/0
  2472 | D:4      | Noticed Ijyb
  2489 | D:4      | Killed Ijyb
  2642 | D:4      | Noticed an ogre
  2655 | D:4      | Killed an ogre
  2656 | D:4      | Reached skill level 5 in Spellcasting
  2656 | D:4      | Reached skill level 5 in Conjurations
  2656 | D:4      | Reached skill level 5 in Hexes
  2656 | D:4      | Reached skill level 5 in Summonings
  2656 | D:4      | Reached skill level 5 in Necromancy
  2656 | D:4      | Reached skill level 5 in Translocations
  2656 | D:4      | Reached skill level 5 in Fire Magic
  2656 | D:4      | Reached skill level 5 in Ice Magic
  2656 | D:4      | Reached skill level 5 in Air Magic
  2656 | D:4      | Reached skill level 5 in Earth Magic
  2656 | D:4      | Reached skill level 5 in Alchemy
  2962 | D:4      | Reached XP level 7. HP: 31/45 MP: 0/0
  2962 | D:4      | Learned a level 3 spell: Summon Ice Beast
  3309 | D:5      | Entered Level 5 of the Dungeon
  3668 | D:5      | Reached XP level 8. HP: 38/50 MP: 0/0
  3944 | D:5      | Found a staircase to the Ecumenical Temple.
  3952 | Temple   | Entered the Ecumenical Temple
  3961 | Temple   | Became a worshipper of Makhleb the Destroyer
  4244 | D:6      | Noticed Maggie
  4286 | D:6      | Slain by Maggie

Illustrated notes

Levels and vault maps discovered:
D:1:      scummos_arrival_star, layout_loops_ring
D:2:      cheibrodos_pilgrimage, layout_rooms, minmay_misc_feat_hallway,
          uniq_terence
D:3:      layout_basic, minitemple, mainiacjoe_overflow_swirl, glass_columns_a
D:4:      layout_loops_ring, uniq_ijyb
D:5:      layout_rooms, minmay_temple_entry_proselytizer, st_stairs_7
D:6:      nicolae_cairo_tiling, layout_basic, uniq_maggie, uniq_menkaure
Temple:   nicolae_temple_ecumenical_triangle

Skill      XL: |  1  2  3  4  5  6  7 |
---------------+----------------------+-----
Stealth        | 2 |  2.9
Dodging        | 3 |  3.7
Spellcasting   | 4 5 6 |  6.9
Conjurations   | 4 5 6 |  6.9
Hexes          | 4 5 6 |  6.9
Summonings     | 4 5 6 |  6.9
Necromancy     | 4 5 6 |  6.9
Translocations | 4 5 6 |  6.9
Fire Magic     | 4 5 6 |  6.9
Ice Magic      | 4 5 6 |  6.9
Air Magic      | 4 5 6 |  6.9
Earth Magic    | 4 5 6 |  6.9
Alchemy        | 4 5 6 |  6.9

Action                     |  1- 3 |  4- 6 |  7- 9 || total
---------------------------+-------+-------+-------++-------
  Melee: Staff             |       |     2 |       ||     2
   Cast: Foxfire           |    34 |    72 |    33 ||   139
         Scorch            |     9 |    23 |     9 ||    41
         Volatile Blastmot |       |     2 |    17 ||    19
         Summon Ice Beast  |       |       |     1 ||     1
         Flame Wave        |       |       |     1 ||     1
 Armour: Robe              |     7 |    21 |    20 ||    48
  Dodge: Dodged            |    11 |    12 |     7 ||    30
